Map: Eternal Empire LE

Players

Van (Vanya) - Winner!

  • Race: Zerg Zerg
  • League: Master
  • Spawn Location: 1:00

ShoWTimE

  • Race: Protoss Protoss
  • League: Grandmaster
  • Spawn Location: 7:00

Event: DreamHack SC2 Masters 2020 Fall

VOD

Have the link to the VOD?

Description

Time

  • Played on: Sept. 3, 2020, 1:06 p.m.
  • Length: 12:10

All games in this series

Show
View Real Time Build Order
Export as new Build Order

Van Zerg - Winner!

Build Orders: Hatch First, Swarm Host 

Get SALT Encoding   

  12  0:00  Drone  
  13  0:12  Overlord  
  13  0:16  Drone  
  14  0:30  Drone x2  
  16  0:48  Drone  
  17  0:55  Drone, Hatchery  
  17  0:58  Drone  
  18  1:09  Extractor  
  17  1:13  Spawning Pool  
  17  1:17  Drone  
  17  1:20  Drone  
  18  1:29  Drone  
  19  1:39  Drone  
  20  1:49  Overlord  
  20  2:00  Queen  
  22  2:08  Queen, Zergling x4  
  24  2:12  Drone, Metabolic Boost  
  27  2:18  Drone  
  27  2:22  Drone  
  29  2:33  Hatchery  
  28  2:37  Drone  
  28  2:39  Drone  
  30  2:47  Queen  
  32  2:52  Overlord  
  32  2:54  Drone  
  32  2:57  Drone  
  34  3:01  Drone x2  
  36  3:10  Drone x2  
  36  3:11  Drone  
  36  3:12  Drone  
  40  3:15  Overlord  
  40  3:24  Drone x2  
  42  3:30  Roach Warren  
  42  3:31  Drone, Extractor  
  42  3:33  Drone  
  42  3:42  Drone x2  
  42  3:43  Drone  
  42  3:44  Drone  
  42  3:48  Overlord  
  46  3:49  Drone  
  46  3:53  Drone  
  46  3:55  Drone x2  
  50  3:56  Overlord  
  50  4:13  Roach x5  
  60  4:18  Spore Crawler  
  60  4:20  Spore Crawler x2  
  60  4:23  Drone x3  
  60  4:24  Zergling x8  
  60  4:31  Zergling x8  
  64  4:39  Drone  
  64  4:42  Drone x2  
  64  4:43  Drone x2  
  62  4:48  Drone  
  62  4:50  Drone x3  
  66  4:53  Overlord  
  66  5:00  Lair  
  65  5:13  Drone x7  
  71  5:15  Overlord  
  68  5:23  Drone x3  
  68  5:26  Drone x2  
  73  5:28  Overlord  
  73  5:29  Overlord  
  73  5:32  Evolution Chamber  
  73  5:33  Extractor  
  73  5:35  Drone x5, Extractor  
  73  5:41  Overlord  
  73  5:42  Drone x2  
  75  5:46  Extractor  
  75  5:48  Drone  
  75  5:54  Drone x2  
  77  5:57  Drone x6  
  77  5:59  Glial Reconstitution  
  77  6:00  Infestation Pit  
  77  6:01  Drone, Extractor  
  77  6:02  Drone x2  
  84  6:05  Zerg Missile Weapons Level 1  
  84  6:10  Overlord  
  84  6:11  Drone  
  84  6:12  Zergling x2  
  84  6:14  Ravager x3  
  84  6:16  Zergling x2  
  84  6:17  Zergling x2  
  90  6:21  Spine Crawler, Zergling x8  
  93  6:33  Overlord  
  93  6:34  Nydus Network  
  93  6:36  Drone  
  93  6:38  Swarm Host x2  
  100  6:43  Swarm Host  
  100  6:45  Overlord x2  
  103  6:47  Hatchery  
  103  6:50  Swarm Host  
  103  6:52  Overlord  
  105  6:55  Swarm Host x3  
  105  7:01  Overlord  
  112  7:03  Overlord x2  
  112  7:04  Swarm Host  
  115  7:13  Swarm Host x2  
  115  7:15  Nydus Canal  
  121  7:19  Zergling x16  
  128  7:30  Roach x5  
  133  7:37  Nydus Canal  
  133  7:41  Roach x5  
  143  7:45  Swarm Host  
  143  7:48  Queen  
  148  7:52  Swarm Host  
  148  7:53  Swarm Host x2  
  148  7:55  Overlord  
  157  8:02  Zergling x4  
  157  8:04  Queen  
  160  8:05  Overlord  
  160  8:06  Nydus Canal  
  160  8:07  Zergling x2  
  160  8:12  Roach  
  163  8:15  Roach x2  
  163  8:19  Roach x5  
  174  8:26  Nydus Canal  
  169  8:30  Roach x4  
  173  8:36  Overlord  
  173  8:38  Overlord  
  168  8:42  Roach x2  
  168  8:47  Roach x4  
  180  8:49  Zerg Missile Weapons Level 2  
  180  8:50  Overlord  
  180  8:55  Overlord  
  179  9:01  Ravager x5  
  179  9:02  Zergling x10  
  188  9:06  Zergling x2  
  188  9:10  Unknown  
  188  9:14  Zergling x4  
  188  9:15  Zergling x4  
  188  9:16  Nydus Canal  
  190  9:22  Roach x6  
  200  9:29  Zergling x6  
  183  9:33  Zergling x4  
  185  9:38  Zergling x4  
  185  9:43  Ravager x6  
  191  9:46  Zergling x10  
  195  9:56  Roach x2  
  197  10:00  Overlord  
  197  10:06  Roach  
  197  10:07  Roach x5  
  192  10:18  Roach x7  
  195  10:26  Roach x3  
  194  10:31  Nydus Canal  
  189  10:40  Roach x6  
  199  10:53  Spire  
  198  11:00  Zergling x4  
  198  11:01  Zergling x12  
  198  11:03  Nydus Canal  
  198  11:06  Roach x2  
  187  11:11  Spore Crawler  
  187  11:13  Roach x3  
  187  11:17  Drone  
  185  11:21  Nydus Canal  
  185  11:39  Swarm Host x4  
  192  11:43  Overlord  
  189  11:49  Overlord  
  175  11:54  Nydus Canal  
Show
View Real Time Build Order
Export as new Build Order

ShoWTimE Protoss 

Build Orders: 1 Gate Expand, Oracle Opening, Archon Immortal 

Get SALT Encoding   

  12  0:00  Probe  
  13  0:12  Probe  
  14  0:19  Pylon  
  14  0:24  Probe  
  15  0:37  Probe (Chrono Boost)  
  15  0:41  Gateway  
  16  0:47  Probe (Chrono Boost)  
  17  0:50  Assimilator  
  17  0:52  Probe (Chrono Boost)  
  18  1:04  Probe  
  19  1:16  Probe  
  20  1:26  Nexus  
  20  1:36  Cybernetics Core  
  20  1:39  Probe  
  21  1:44  Assimilator  
  21  1:51  Probe  
  22  1:55  Pylon  
  22  2:03  Probe (Chrono Boost)  
  23  2:10  Adept (Chrono Boost)  
  23  2:13  Warp Gate  
  26  2:15  Probe (Chrono Boost)  
  26  2:22  Probe (Chrono Boost)  
  27  2:29  Stargate  
  27  2:31  Probe  
  27  2:35  Stalker (Chrono Boost)  
  30  2:38  Probe  
  30  2:43  Probe  
  32  2:50  Probe  
  33  2:55  Probe  
  34  3:03  Probe  
  35  3:07  Probe  
  35  3:11  Oracle (Chrono Boost)  
  36  3:15  Gateway, Probe  
  36  3:16  Pylon  
  36  3:19  Probe  
  41  3:24  Adept  
  44  3:27  Probe  
  44  3:31  Probe  
  44  3:32  Assimilator  
  45  3:38  Oracle (Chrono Boost)  
  45  3:39  Probe  
  49  3:43  Pylon, Probe  
  50  3:51  Probe  
  50  3:54  Assimilator  
  51  3:55  Probe  
  52  4:03  Probe  
  52  4:07  Phoenix  
  52  4:08  Probe  
  56  4:10  Adept x2  
  56  4:14  Pylon  
  56  4:15  Probe  
  61  4:20  Probe  
  62  4:31  Robotics Facility  
  62  4:32  Probe  
  62  4:33  Pylon  
  62  4:35  Probe  
  64  4:44  Probe  
  61  4:47  Probe  
  61  4:52  Sentry x2  
  66  4:57  Probe  
  66  4:58  Gateway x2  
  66  4:59  Probe  
  68  5:09  Pylon, Probe  
  68  5:12  Probe  
  70  5:16  Immortal (Chrono Boost)  
  70  5:18  Pylon  
  74  5:21  Probe  
  74  5:23  Sentry  
  74  5:24  Probe  
  74  5:25  Pylon  
  74  5:28  Pylon  
  78  5:36  Pylon  
  78  5:37  Nexus  
  78  5:40  Probe  
  78  5:41  Probe  
  80  5:44  Pylon  
  80  5:45  Forge, Twilight Council  
  80  5:50  Observer (Chrono Boost)  
  80  5:53  Probe x2  
  80  5:54  Zealot, Sentry  
  80  5:57  Zealot  
  89  5:59  Zealot  
  91  6:05  Probe x2  
  93  6:14  Assimilator  
  93  6:17  Probe  
  94  6:19  Assimilator, Phoenix, Charge  
  94  6:20  Phoenix, Probe  
  95  6:25  Protoss Ground Weapons Level 1 (Chrono Boost)  
  95  6:29  Shield Battery, Probe  
  95  6:32  Probe  
  97  6:34  Templar Archives  
  97  6:41  Probe  
  97  6:44  Probe  
  99  6:53  Gateway  
  99  6:54  Probe x2  
  99  6:55  Gateway  
  99  6:56  Gateway, Probe  
  99  6:59  Zealot x3  
  100  7:02  Warp Prism (Chrono Boost)  
  100  7:08  Oracle (Chrono Boost), Pylon  
  102  7:13  High Templar  
  107  7:18  Gateway  
  107  7:19  High Templar x2  
  107  7:20  High Templar  
  113  7:23  Archon  
  113  7:25  Archon  
  113  7:26  Photon Cannon  
  113  7:28  Immortal (Chrono Boost)  
  109  7:46  Zealot  
  109  7:48  Pylon  
  111  7:53  Zealot x6  
  111  7:58  Immortal (Chrono Boost)  
  127  8:10  Zealot  
  129  8:15  Pylon  
  129  8:16  Probe x2  
  129  8:17  Zealot, Pylon  
  129  8:18  Zealot x4  
  141  8:24  Zealot  
  143  8:30  Shield Battery, Immortal (Chrono Boost)  
  143  8:31  Shield Battery  
  145  8:35  Zealot  
  145  8:38  Zealot x3  
  151  8:45  Zealot x3  
  143  9:02  High Templar x4  
  149  9:06  Shield Battery, Archon x2  
  149  9:11  Pylon  
  149  9:12  Zealot x2  
  149  9:13  Pylon  
  149  9:14  Probe  
  149  9:15  Void Ray (Chrono Boost), Gateway  
  149  9:16  Gateway  
  152  9:18  Shield Battery  
  128  9:26  Immortal  
  132  9:33  Zealot x2  
  132  9:35  Zealot x3  
  142  9:45  Photon Cannon  
  136  9:51  Void Ray (Chrono Boost), Gateway  
  134  9:53  Gateway  
  134  9:56  Zealot x3  
  134  9:57  Zealot x2  
  134  9:59  Probe  
  143  10:05  Immortal (Chrono Boost)  
  136  10:11  Zealot x2  
  139  10:18  Zealot x4  
  139  10:27  Zealot  
  115  10:37  Immortal  
  115  10:41  Nexus  
  115  10:42  High Templar x4  
  125  10:48  Archon x2  
  125  10:56  Zealot x3  
  114  11:16  Immortal  
  116  11:19  Nexus  
  116  11:24  High Templar x4  
  116  11:25  Zealot x2  
  128  11:29  Archon x2  
  98  11:55  Zealot x3  
  82  12:03  Zealot x3  

Tags
 
Add a new tag
Caveats
  • Supply blocks, unpowered buildings, or Contaminate may cause inaccurate times.
  • Supply counts are checked every 10 seconds.